 Dungeon Crawl Stone Soup version 0.20.1-1-g8b1a95d (webtiles) character file.

7389 Hulkamania the Grappler (level 10, -5/100 HPs)
             Began as a Troll Monk on Dec 21, 2017.
             Slain by a two-headed ogre
             ... wielding a +0 giant spiked club
              (32 damage)
             ... on level 9 of the Dungeon.
             The game lasted 00:54:31 (7593 turns).

Hulkamania the Grappler (Troll Monk)                Turns: 7593, Time: 00:54:32

Health: -5/100     AC: 10    Str: 23    XL:     10   Next: 92%
Magic:  9/9        EV: 13    Int:  6    God:
Gold:   219        SH:  0    Dex: 17    Spells: 9/9 levels left

rFire    . . .     SeeInvis +     - Unarmed
rCold    . . .     Gourm    +   (no shield)
rNeg     . . .     Faith    .   a - +2 robe
rPois    .         Spirit   .   (helmet restricted)
rElec    .         Reflect  .   D - +2 cloak {MR+}
rCorr    .         Harm     .   (gloves unavailable)
MR       +....                  (boots unavailable)
Stlth    +++.......             (no amulet)
Regen    0.7/turn               c - ring of see invisible
MPRegen  0.2/turn               u - +4 ring of dexterity

@: no status effects
A: unfitting armour, claws 3, fast metabolism 3, gourmand, regeneration 1,
shaggy fur 1, tough skin 2
a: no special abilities


You were on level 9 of the Dungeon.
You were full.

You visited 2 branches of the dungeon, and saw 10 of its levels.

You collected 558 gold pieces.
You spent 339 gold pieces at shops.

Inventory:

Armour
 a - a +2 robe (worn)
 r - a +0 cloak
 D - a +2 cloak of magic resistance (worn)
Jewellery
 c - a ring of see invisible (left claw)
 l - an uncursed ring of protection from cold
 s - an uncursed ring of fire
 t - an uncursed ring of stealth
 u - a +4 ring of dexterity (right claw)
 y - an uncursed ring of stealth
Wands
 i - a wand of clouds (4/9)
 n - a wand of flame (28/48)
 v - a wand of confusion (21/48)
 B - a wand of polymorph (6/24)
 C - a wand of polymorph (14/24)
Scrolls
 e - a scroll of identify
 g - 3 scrolls of remove curse
 k - a scroll of teleportation
 o - a scroll of amnesia
 p - a scroll of recharging
 x - a scroll of fear {unknown}
 A - a scroll of fog
Potions
 f - 4 potions of curing
 q - a potion of brilliance
Books
 h - a book of Conjurations

   Spells                             Type                      Level
   a - Magic Dart                     Conjuration                  1
   b - Searing Ray                    Conjuration                  2
   c - Dazzling Spray                 Conjuration/Hexes            3
   d - Fulminant Prism                Conjuration/Hexes            4
   e - Force Lance                    Conjuration/Translocation    4
   f - Iskenderun's Mystic Blast      Conjuration                  4
 m - a book of Callings

   Spells                             Type                      Level
   a - Summon Small Mammal            Summoning                    1
   b - Call Imp                       Summoning                    2
   c - Call Canine Familiar           Summoning                    3
   d - Summon Guardian Golem          Hexes/Summoning              3
   e - Summon Lightning Spire         Summoning/Air                4
   f - Summon Ice Beast               Ice/Summoning                4
Comestibles
 b - 6 bread rations
 d - 11 fruits
 j - 6 meat rations


   Skills:
 * Level 6.5 Fighting
 + Level 5.7 Dodging
 + Level 4.0 Stealth
 + Level 12.5 Unarmed Combat


You had 9 spell levels left.
You didn't know any spells.

Dungeon Overview and Level Annotations

Branches:
Dungeon (9/15)             Temple (1/1) D:6            Lair (0/6) D:9
    Orc: D:9-12

Altars:
Ashenzari
Cheibriados
Dithmenos
Elyvilon
Fedhas
Gozag
Hepliaklqana
Kikubaaqudgha
Makhleb
Nemelex Xobeh
Okawaru
Qazlal
Ru
Sif Muna
Trog
Uskayaw
Vehumet
Xom
Yredelemnul
Zin
The Shining One

Shops:
D:6 (   D:7 [!!

Annotations:
D:1 1 exclusion
D:8 Grum
D:9 fitz's ghost, journeyman HOFi


Innate Abilities, Weirdness & Mutations

You are too large for most types of armour.
You have claws for hands.
Your metabolism is lightning-fast.
You like to eat raw meat.
Your natural rate of healing is unusually fast.
You are covered in fur. (AC +1)
You have very tough skin. (AC +2)


Message History

The two-headed ogre hits you with a giant spiked club.
The two-headed ogre hits you with a giant club.
You barely miss the two-headed ogre.
The two-headed ogre is almost dead.
You mangle the two-headed ogre!!
You kill the two-headed ogre!
You mangle the adder!!
You kill the adder!
You see here a leather armour.
The two-headed ogre hits you with a giant spiked club!!
The two-headed ogre hits you with a giant spiked club!
You barely miss the two-headed ogre.
The two-headed ogre hits you with a giant spiked club!!
The two-headed ogre hits you with a giant spiked club!
* * * LOW HITPOINT WARNING * * *
You claw the two-headed ogre!
The two-headed ogre is lightly wounded.
There is an open door here.
The two-headed ogre hits you with a giant spiked club!!
You die...

##############
##########.............#
.........'.............#
######.##..........[..#
#.##.............#
#.##..O..........#
#.##...@.........# ..
#.######.........#
....######.######.........###
.....).[...(.................
##########.##########.######
#.# ##.(###### ..# #........#
#### #####........#
.............#


You could see a two-headed ogre.

Vanquished Creatures
  4 two-headed ogres
  A wizard (D:7)
  An orc sorcerer (D:7)
  Joseph (D:7)
  A hippogriff (D:9)
  Menkaure (D:7)
  An ice beast (D:7)
  3 orc warriors
  2 sky beasts (D:7)
  5 ogres
  3 wolves (D:8)
  A centaur (D:8)
  A big kobold (D:8)
  4 bullfrogs
  2 scorpions
  A howler monkey (D:8)
  7 crimson imps
  2 hounds
  A quasit (D:5)
  A centaur zombie (D:6)
  7 orc priests
  Crazy Yiuf (D:7)
  2 jellies
  11 orc wizards
  4 iguanas
  7 worker ants
  A killer bee zombie (D:7)
  A worker ant zombie (D:5)
  3 gnolls (D:6)
  12 adders
  3 shadow imps
  2 oozes
  2 worms
  A dart slug (D:2)
  5 leopard geckos
  54 orcs
  8 bats
  4 giant cockroaches
  6 goblins
  5 hobgoblins
  4 jackals (D:2)
  7 quokkas
  6 frilled lizards
  11 kobolds
  A quokka skeleton (D:8)
  3 rats
214 creatures vanquished.

Notes
Turn   | Place    | Note
-------+----------+-------------------------------------------
     0 | D:1      | Hulkamania the Troll Monk began the quest for the Orb.
     0 | D:1      | Reached XP level 1. HP: 22/22 MP: 0/0
   314 | D:1      | Reached XP level 2. HP: 29/29 MP: 1/1
   894 | D:2      | Reached XP level 3. HP: 36/36 MP: 2/2
   957 | D:2      | Found an opulent altar of Gozag.
  1020 | D:2      | Reached XP level 4. HP: 44/44 MP: 3/3
  1035 | D:2      | Reached skill level 4 in Unarmed Combat
  1481 | D:3      | Reached XP level 5. HP: 44/50 MP: 4/4
  1675 | D:3      | Reached skill level 5 in Unarmed Combat
  2089 | D:4      | Reached XP level 6. HP: 56/59 MP: 5/5
  2103 | D:4      | Found a deep blue altar of Sif Muna.
  2227 | D:4      | Found a glowing golden altar of the Shining One.
  2279 | D:4      | Reached skill level 6 in Unarmed Combat
  2372 | D:4      | Noticed an orc warrior
  2387 | D:4      | Killed an orc warrior
  2387 | D:4      | Reached XP level 7. HP: 47/66 MP: 6/6
  2514 | D:4      | Found a bloodstained altar of Trog.
  2903 | D:5      | Entered Level 5 of the Dungeon
  2916 | D:5      | Found a white marble altar of Elyvilon.
  2923 | D:5      | Found a blossoming altar of Fedhas.
  2998 | D:5      | Reached skill level 7 in Unarmed Combat
  4025 | D:6      | Found a staircase to the Ecumenical Temple.
  4176 | D:6      | Reached XP level 8. HP: 71/75 MP: 7/7
  4321 | D:6      | Found Kiushru's Antique Weapon Shop.
  4802 | Temple   | Entered the Ecumenical Temple
  4923 | D:7      | Found Ellazimp's Antique Armour Boutique.
  4929 | D:7      | Bought a cloak for 121 gold pieces
  4971 | D:7      | Reached skill level 8 in Unarmed Combat
  5017 | D:7      | Found a radiant altar of Vehumet.
  5050 | D:7      | Noticed an orc sorcerer
  5052 | D:7      | Noticed an orc sorcerer
  5067 | D:7      | Noticed a wizard
  5073 | D:7      | Noticed a sixfirhy
  5076 | D:7      | Noticed a red devil
  5079 | D:7      | Noticed a sun demon
  5131 | D:7      | Found Plog's Distillery.
  5134 | D:7      | Bought a potion of heal wounds for 70 gold pieces
  5134 | D:7      | Bought a potion of heal wounds for 70 gold pieces
  5162 | D:7      | Noticed Joseph
  5197 | D:7      | Killed Joseph
  5303 | D:7      | Reached skill level 9 in Unarmed Combat
  5325 | D:7      | Noticed Menkaure
  5467 | D:7      | Killed Menkaure
  5467 | D:7      | Reached XP level 9. HP: 75/85 MP: 8/8
  5472 | D:7      | Found a sacrificial altar of Ru.
  5598 | D:7      | Killed an orc sorcerer
  5598 | D:7      | Reached skill level 5 in Fighting
  5929 | D:7      | Reached skill level 10 in Unarmed Combat
  5960 | D:7      | Reached skill level 5 in Dodging
  6069 | D:7      | Found Cukhlydaed's Distillery.
  6073 | D:7      | Bought 2 potions of curing for 78 gold pieces
  6108 | D:7      | Killed a wizard
  6195 | D:7      | Found a runed door.
  6199 | D:7      | Noticed Crazy Yiuf
  6204 | D:7      | Killed Crazy Yiuf
  6392 | D:8      | Noticed a two-headed ogre
  6397 | D:8      | Killed a two-headed ogre
  6397 | D:8      | Reached skill level 11 in Unarmed Combat
  6397 | D:8      | Reached XP level 10. HP: 84/98 MP: 9/9
  6656 | D:8      | Noticed Grum
  6657 | D:8      | Noticed a two-headed ogre
  6687 | D:8      | Killed a two-headed ogre
  6922 | D:8      | Noticed a two-headed ogre
  6932 | D:8      | Killed a two-headed ogre
  6932 | D:8      | Reached skill level 12 in Unarmed Combat
  7100 | D:8      | Found a basalt altar of Yredelemnul.
  7346 | D:9      | Found a staircase to the Lair.
  7347 | D:9      | Noticed fitz's ghost (journeyman HOFi)
  7524 | D:9      | Found a shimmering altar of Xom.
  7563 | D:9      | Noticed a two-headed ogre
  7568 | D:9      | Noticed a two-headed ogre
  7573 | D:9      | Killed a two-headed ogre
  7593 | D:9      | Slain by a two-headed ogre

Skill      XL: |  1  2  3  4  5  6  7  8  9 10 |
---------------+-------------------------------+-----
Dodging        | 3 4 5 |  5.7
Unarmed Combat | 4 5 6 7 9 11 12 | 12.5
Stealth        | 2 3 4 |  4.0
Fighting       | 3 4 5 6 |  6.5

Action                   |  1- 3 |  4- 6 |  7- 9 | 10-12 || total
-------------------------+-------+-------+-------+-------++-------
Melee: Unarmed           |    80 |   133 |   318 |   109 ||   640
       Punch             |       |     3 |    11 |     9 ||    23
Evoke: Wand              |       |     2 |       |       ||     2
  Use: Scroll            |     3 |     1 |    15 |       ||    19
       Potion            |     2 |     3 |     5 |     1 ||    11
 Stab: Sleeping          |     1 |     6 |     8 |       ||    15
       Distracted        |       |       |       |     1 ||     1
  Eat: Chunk             |    14 |    13 |    37 |     8 ||    72
Armor: Robe              |    42 |    16 |    68 |    26 ||   152
       Skin              |       |       |     4 |       ||     4
Dodge: Dodged            |    49 |    47 |   141 |    41 ||   278
